 Dungeon Sprint DCSS version 0.23-a0-78-gc252fe1 (webtiles) character file.

56357 HallandMoats the End of an Era (level 14, -13/112 HPs)
             Began as an Octopode Fighter on Aug 10, 2018.
             Was the Champion of Qazlal.
             Killed by the air
             ... invoked by a spriggan air mage
              (19 damage)
             ... in the Dungeon (Sprint V: "Ziggurat Sprint").
             The game lasted 00:09:05 (3247 turns).

HallandMoats the End of an Era (Octopode Fighter)   Turns: 3247, Time: 00:09:05

Health: -13/112    AC:  1    Str: 35    XL:     14   Next: 81%
Magic:  29/29      EV: 32    Int: 13    God:    Qazlal [******]
Gold:   0          SH: 51    Dex: 30    Spells: 13/13 levels left

rFire    + . .     SeeInvis +   E - +14 obsidian axe {chop, +Fly SInv *Curse} (curse)
rCold    . . .     Gourm    .   F - +18 shield of the Gong {rElec rN+ MR+ EV-5}
rNeg     + . .     Faith    .   (helmet restricted)
rPois    +         Spirit   .   y - brooch of Shielding {Reflect SH+8}
rElec    +         Reflect  +   A - +6 ring of strength
rCorr    .         Harm     .   v - +6 ring of dexterity
MR       ++++.     NoTele   +   z - +6 ring of strength
Stlth    +.........             w - +6 ring of dexterity
HPRegen  0.28/turn              n - +2 ring of evasion
MPRegen  0.21/turn              H - ring of the Mage {Wiz MR++ Int+3}
                                L - ring "Sosch" {rPois rF+ Str+2 Dex+7}
                                (no ring)

@: mesmerised, studying 2 skills, repel missiles
A: almost no armour, stealthy swim, amphibious, 8 rings, constrict 8, camouflage
1, gelatinous body 1
a: Upheaval, Elemental Force, Disaster Area, Renounce Religion, Evoke Flight


You were in the Dungeon.
You worshipped Qazlal.
Qazlal was exalted by your worship.
You were not hungry.

You visited 1 branch

Inventory:

Hand Weapons
 E - the cursed +14 obsidian axe (weapon) {chop, +Fly SInv *Curse}
   (You found it in the Dungeon)

   It inflicts extra damage upon your enemies.
   It lets you see invisible.
   It lets you fly.
   It curses itself when equipped.
   It has a curse placed upon it.
Armour
 F - the +18 shield of the Gong (worn) {rElec rN+ MR+ EV-5}
   (You found it in the Dungeon)

   It affects your evasion (-5).
   It insulates you from electricity.
   It protects you from negative energy.
   It affects your resistance to hostile enchantments.
Jewellery
 a - the ring "Kuigauc" {Ice Int+4 SInv Stlth+}
   (You found it in the Dungeon)

   [ring of ice]

   It enhances your ice magic.
   It affects your intelligence (+4).
   It makes you vulnerable to fire.
   It protects you from cold.
   It lets you see invisible.
   It makes you more stealthy.
 n - a +2 ring of evasion (on tentacle)
 v - a +6 ring of dexterity (right tentacle)
 w - a +6 ring of dexterity (on tentacle)
 y - the brooch of Shielding (around mantle) {Reflect SH+8}
   (You found it in the Dungeon)

   [amulet of reflection]

   It shields you and reflects attacks.
   It affects your SH (+8).
 z - a +6 ring of strength (on tentacle)
 A - a +6 ring of strength (left tentacle)
 H - the ring of the Mage (on tentacle) {Wiz MR++ Int+3}
   (You found it in the Dungeon)

   [ring of wizardry]

   It improves your spell success rate.
   It affects your intelligence (+3).
   It affects your resistance to hostile enchantments.
 I - a +4 ring of strength
 L - the ring "Sosch" (on tentacle) {rPois rF+ Str+2 Dex+7}
   (You found it in the Dungeon)

   [ring of protection from fire]

   It affects your strength (+2).
   It affects your dexterity (+7).
   It protects you from fire.
   It protects you from poison.
Wands
 B - a wand of disintegration (7)
 C - a wand of iceblast (7)
 D - a wand of acid (7)
Scrolls
 b - a scroll of brand weapon
 j - 4 scrolls of blinking
 p - 4 scrolls of amnesia
 q - 7 scrolls of fog
 r - a scroll of holy word
 s - 5 scrolls of identify
 t - 5 scrolls of remove curse
 u - 2 scrolls of fear
 x - 4 scrolls of enchant armour
 G - 4 scrolls of enchant weapon
Potions
 c - 5 potions of might
 e - 10 potions of curing
 f - 12 potions of heal wounds
 g - 5 potions of haste
 h - 7 potions of magic
 i - 3 potions of berserk rage
 k - 2 potions of brilliance
 l - 2 potions of invisibility
 m - 3 potions of resistance
 o - 5 potions of agility
Books
 J - a manual of Long Blades
 K - a manual of Unarmed Combat
Comestibles
 d - 6 rations


   Skills:
 * Level 16.2 Fighting
 + Level 17.4 Axes
 * Level 19.7 Dodging
 + Level 15.7 Shields
 * Level 22.7 Invocations


You had 13 spell levels left.
You didn't know any spells.
Your spell library was empty.

Dungeon Overview and Level Annotations

Branches:
Dungeon (1/1)

Altars:
Ashenzari
Cheibriados
Dithmenos
Elyvilon
Fedhas
Gozag
Hepliaklqana
Kikubaaqudgha
Makhleb
Nemelex Xobeh
Okawaru
Qazlal
Ru
Sif Muna
Trog
Uskayaw
Vehumet
Wu Jian
Xom
Yredelemnul
Zin
The Shining One
Beogh
Jiyva
Lugonu

Annotations:
D exclusion: 2 oklob plants


Innate Abilities, Weirdness & Mutations

You cannot wear most types of armour.
You are very stealthy in the water. (Stealth+)
You are amphibious.
You can wear up to eight rings at the same time.
You can use your tentacles to constrict eight enemies at once.
Your skin changes colour to match your surroundings (Stealth+).
Your rubbery body absorbs attacks. (AC +1, EV +1)


Message History

Visions of slaying the spriggan defender flood into your mind.
You block the elephant's attack.
BOUMMMMG!
You block the elephant's attack.
BONNNG!
You block the spriggan berserker's attack.
GONNNNG!
The polar bear bites you!
* * * LOW HITPOINT WARNING * * *
You block the polar bear's attack.
GONNNNG!
You block the polar bear's attack.
GONNNNG!
The spriggan air mage waves its arms in wide circles.
The air twists around and strikes you!
* * * LOW HITPOINT WARNING * * *
The yak is engulfed in freezing vapours.
The spriggan air mage waves its arms in wide circles.
The air twists around and strikes you!
You die...

▓..}))[}[
...[P)}|..::P..▓........
...):}|.:}[[)..▓........
......}[.......▓........
...i.iRi.ik....▓........
.....iiiii.....▓........
.....§iiis.....▓..▓.....
.....YYY.i.....▓.▓▓▓..).
.....Yi@ik.....▓..▓.....
......h.§......▓........
.....§4§.§.....▓......©.
...▓....§..▓...▓▓▓▓▓▓▓▓▓
.......§.......▓.....8©8
......§........▓..[:[.|[
.......©.......▓..|".|}.
▓▓▓▓▓▓▓▓▓▓▓▓▓▓▓▓........
▓........


You could see a dire elephant, a death yak (berserk), an elephant (berserk), 4
spriggan defenders, 2 wind drakes, 2 oklob plants, 6 spriggan berserkers, a
dryad, 4 spriggan air magi, a polar bear (berserk), a spriggan druid, a yak, a
redback and a friendly rust devil.

Vanquished Creatures
  A pearl dragon (D)
  A lich (D)
  A deep elf master archer (D)
  A tentacled starspawn (D)
  A deep elf sorcerer (D)
  7 fire giants (D)
  2 vampire knights (D)
  A spriggan defender (D)
  An ophan (D)
  2 apis (D)
  2 fire dragons (D)
  A deep elf high priest (D)
  2 ogre magi (D)
  2 vault guards (D)
  2 hydras (D)
  A dancing weapon (D)
  2 hell hogs (D)
  3 vampire magi (D)
  A thrashing horror (D)
  A deep elf knight (D)
  A death drake (D)
  2 skeletal warriors (D)
  3 cherubim (D)
  A large abomination (D)
  A flayed ghost (D)
  An ironbrand convoker (D)
  3 swamp dragons (D)
  4 necromancers (D)
  4 deep elf magi (D)
  An orc knight (D)
  A smoke demon (D)
  2 yaktaurs (D)
  2 rime drakes (D)
  A rime drake (shapeshifter) (D)
  3 efreet (D)
  2 red devils (D)
  An ancient zyme (D)
  A hornet (shapeshifter) (D)
  A vampire (D)
  3 air elementals (D)
  9 shadows (D)
  A water elemental (D)
  A wyvern (D)
  4 fire elementals (D)
  A chaos spawn (D)
  An acid dragon (D)
  A soldier ant (shapeshifter) (D)
  2 nagas (D)
  2 hell hounds (D)
  A swamp drake (D)
  A black bear (shapeshifter) (D)
  5 necrophages (D)
  4 phantoms (D)
  2 earth elementals (D)
  4 wights (D)
  2 crimson imps (D)
  2 quasits (D)
  2 iron imps (D)
  3 mummies (D)
  An adder (D)
  2 shadow imps (D)
  3 white imps (D)
  2 ufetubi (D)
  6 adder zombies (D)
  8 adder skeletons (D)
  A bat skeleton (D)
  6 bat zombies (D)
  3 giant cockroach zombies (D)
  A leopard gecko skeleton (D)
  2 leopard gecko zombies (D)
  A quokka skeleton (D)
  A quokka zombie (D)
  A butterfly (D)
  2 starspawn tentacles (D)
161 creatures vanquished.

Vanquished Creatures (collateral kills)
  A bone dragon (D)
  A ghoul (D)
  A deep elf annihilator (D)
  A skeletal warrior (D)
  A deep elf mage (D)
  A naga mage (D)
  An efreet (D)
  An air elemental (D)
  A vampire (D)
  2 nagas (D)
  2 hell hounds (D)
  3 necrophages (D)
  2 wights (D)
  An iron imp (D)
  An ufetubus (D)
  An adder skeleton (D)
  A fire vortex (D)
22 creatures vanquished.

Vanquished Creatures (others)
  A deep elf master archer (D)
  2 deep elf magi (D)
  A water elemental (D)
4 creatures vanquished.

Grand Total: 187 creatures vanquished

Notes
Turn   | Place    | Note
-------+----------+-------------------------------------------
     0 | D        | Found the +6 Majin-Bo {vamp, Archmagi MP+6 Int+6}
     0 | D        | Found the +7 great mace "Firestarter" {inner flame, rF++}
     0 | D        | HallandMoats the Octopode Fighter began the quest for the Orb.
     0 | D        | Reached XP level 1. HP: 16/16 MP: 1/1
     2 | D        | Found a blossoming altar of Fedhas.
     5 | D        | Found a deep blue altar of Sif Muna.
     5 | D        | Found a sacrificial altar of Ru.
     5 | D        | Found a bloodstained altar of Trog.
     5 | D        | Found a stormy altar of Qazlal.
     5 | D        | Found an iron altar of Okawaru.
     5 | D        | Found a sparkling altar of Nemelex Xobeh.
     7 | D        | Found a transporter.
     7 | D        | Found an ancient bone altar of Kikubaaqudgha.
     7 | D        | Found a viscous altar of Jiyva.
     7 | D        | Found a corrupted altar of Lugonu.
     7 | D        | Found a hazy altar of Hepliaklqana.
     7 | D        | Found a burning altar of Makhleb.
     7 | D        | Found an opulent altar of Gozag.
    26 | D        | Found the +9 heavy crossbow "Sniper" {velocity, Acc+∞ SInv}
    26 | D        | Found the +10 dark maul {crush}
    26 | D        | Found the +15 Maxwell's patent armour {-Cast -Tele rElec MR+ rCorr}
    26 | D        | Found the +18 shield of the Gong {rElec rN+ MR+ EV-5}
    26 | D        | Found the cursed +14 obsidian axe {chop, +Fly SInv *Curse}
    28 | D        | Found the +6 shillelagh "Devastator" {shatter}
    28 | D        | Found the +11 plutonium sword {*Contam Stlth-}
    28 | D        | Found the +8 lance "Wyrmbane" {slay drac, rPois rF+ rC+ AC+3}
    28 | D        | Found the +9 sword of Zonguldrok {reap}
    28 | D        | Found the cursed +13 scythe of Curses {drain, *Curse}
    28 | D        | Found the +0 sword of Power
    28 | D        | Found the +7 mace of Variability {chain chaos}
    28 | D        | Found the +7 Singing Sword
    28 | D        | Found the +7 longbow "Piercer" {penet, EV-2}
    31 | D        | Became a worshipper of Qazlal Stormbringer
    58 | D        | Reached skill level 5 in Fighting
    58 | D        | Reached skill level 6 in Invocations
    58 | D        | Reached XP level 2. HP: 24/24 MP: 1/6
   109 | D        | Entered arena 2.
   109 | D        | Noticed a phantom
   109 | D        | Noticed a phantom
   109 | D        | Found a transporter.
   113 | D        | Killed a phantom
   113 | D        | Reached skill level 7 in Invocations
   113 | D        | Reached XP level 3. HP: 20/30 MP: 8/8
   113 | D        | Reached XP level 4. HP: 24/36 MP: 9/9
   115 | D        | Killed a phantom
   115 | D        | Reached skill level 8 in Invocations
   115 | D        | Reached XP level 5. HP: 29/42 MP: 9/11
   306 | D        | Got the ring "Kuigauc" {Ice Int+4 SInv Stlth+}
   309 | D        | Entered arena 3.
   309 | D        | Noticed a phantom
   309 | D        | Found a transporter.
   312 | D        | Reached * piety under Qazlal
   319 | D        | Killed a phantom
   319 | D        | Reached skill level 5 in Dodging
   319 | D        | Reached skill level 5 in Shields
   319 | D        | Reached skill level 9 in Invocations
   319 | D        | Reached XP level 6. HP: 47/47 MP: 11/13
   323 | D        | Entered arena 4.
   323 | D        | Noticed a rime drake
   323 | D        | Noticed a hornet
   323 | D        | Noticed a black bear
   323 | D        | Noticed a soldier ant
   323 | D        | Found a transporter.
   325 | D        | Killed a hornet
   325 | D        | Reached ** piety under Qazlal
   325 | D        | Reached skill level 5 in Axes
   325 | D        | Reached skill level 10 in Invocations
   325 | D        | Reached XP level 7. HP: 54/54 MP: 11/14
   328 | D        | Killed a soldier ant
   329 | D        | Reached skill level 11 in Invocations
   330 | D        | Killed a rime drake
   330 | D        | Reached XP level 8. HP: 28/62 MP: 12/16
   604 | D        | Entered arena 5.
   604 | D        | Noticed a deep elf mage
   604 | D        | Noticed a long sword of protection
   604 | D        | Noticed an air elemental
   604 | D        | Found a transporter.
   606 | D        | Killed a long sword of protection
   606 | D        | Reached *** piety under Qazlal
   606 | D        | Reached skill level 12 in Invocations
   608 | D        | Killed an air elemental
   608 | D        | Reached XP level 9. HP: 24/68 MP: 16/18
   610 | D        | Killed a deep elf mage
   610 | D        | Reached skill level 13 in Invocations
   919 | D        | Entered arena 6.
   919 | D        | Found a transporter.
   920 | D        | Reached **** piety under Qazlal
  1036 | D        | Entered arena 7.
  1036 | D        | Noticed a naga mage
  1037 | D        | Found a transporter.
  1040 | D        | Reached ***** piety under Qazlal
  1045 | D        | Killed a naga mage
  1047 | D        | Reached skill level 10 in Fighting
  1047 | D        | Reached skill level 14 in Invocations
  1092 | D        | Entered arena 8.
  1093 | D        | Found a transporter.
  1097 | D        | Reached ****** piety under Qazlal
  1108 | D        | Entered arena 9.
  1108 | D        | Noticed a bone dragon
  1109 | D        | Found a transporter.
  1116 | D        | Killed a bone dragon
  1116 | D        | Reached skill level 10 in Dodging
  1116 | D        | Reached skill level 10 in Shields
  1116 | D        | Reached skill level 15 in Invocations
  1116 | D        | Reached XP level 10. HP: 40/77 MP: 19/21
  1356 | D        | Entered arena 10.
  1356 | D        | Noticed a deep elf mage
  1356 | D        | Noticed a deep elf mage
  1356 | D        | Noticed a deep elf mage
  1356 | D        | Noticed a deep elf mage
  1357 | D        | Found a transporter.
  1361 | D        | Killed a deep elf mage
  1361 | D        | Killed a deep elf mage
  1364 | D        | Killed a deep elf mage
  1366 | D        | Killed a deep elf mage
  1571 | D        | Entered arena 11.
  1571 | D        | Noticed a vault guard
  1571 | D        | Noticed an ironbrand convoker
  1571 | D        | Noticed an orc knight
  1571 | D        | Noticed an ogre mage
  1571 | D        | Noticed a flayed ghost
  1571 | D        | Noticed a vault guard
  1571 | D        | Noticed an ogre mage
  1572 | D        | Found a transporter.
  1573 | D        | Killed an ogre mage
  1573 | D        | Killed an ogre mage
  1573 | D        | Reached skill level 16 in Invocations
  1573 | D        | Reached XP level 11. HP: 64/83 MP: 21/23
  1573 | D        | Killed a flayed ghost
  1573 | D        | Killed a vault guard
  1573 | D        | Killed an orc knight
  1573 | D        | Killed an ironbrand convoker
  1573 | D        | Killed a vault guard
  1603 | D        | Entered arena 12.
  1604 | D        | Found the brooch of Shielding {Reflect SH+8}
  1605 | D        | Found the +3 robe of Clouds {+Fly rElec}
  1605 | D        | Found a transporter.
  1610 | D        | Reached skill level 17 in Invocations
  1957 | D        | Entered arena 13.
  1957 | D        | Noticed a deep elf annihilator
  1957 | D        | Noticed a deep elf master archer
  1957 | D        | Noticed a deep elf mage
  1957 | D        | Noticed a deep elf high priest
  1957 | D        | Noticed a deep elf mage
  1957 | D        | Noticed a deep elf sorcerer
  1958 | D        | Noticed a deep elf master archer
  1958 | D        | Noticed a deep elf knight
  1959 | D        | Found a transporter.
  1962 | D        | Killed a deep elf master archer
  1963 | D        | Killed a deep elf high priest
  1964 | D        | Killed a deep elf mage
  1965 | D        | Killed a deep elf knight
  1965 | D        | Reached XP level 12. HP: 77/92 MP: 24/24
  1966 | D        | Killed a deep elf sorcerer
  1970 | D        | Killed a deep elf master archer
  1970 | D        | Reached skill level 18 in Invocations
  1970 | D        | Killed a deep elf annihilator
  2053 | D        | Entered arena 14.
  2053 | D        | Noticed an eight-headed hydra
  2054 | D        | Noticed an eight-headed hydra
  2054 | D        | Noticed a fire dragon
  2057 | D        | Killed an eight-headed hydra
  2057 | D        | Reached skill level 15 in Dodging
  2057 | D        | Killed an eight-headed hydra
  2057 | D        | Reached skill level 15 in Axes
  2057 | D        | Reached skill level 19 in Invocations
  2057 | D        | Killed a fire dragon
  2058 | D        | Found a transporter.
  2094 | D        | Entered arena 15.
  2094 | D        | Noticed a pearl dragon
  2094 | D        | Noticed an apis
  2095 | D        | Noticed an apis
  2095 | D        | Noticed an ophan
  2097 | D        | Found the +27 Lear's hauberk
  2097 | D        | Reached XP level 13. HP: 76/99 MP: 26/26
  2097 | D        | Killed an ophan
  2097 | D        | Killed an apis
  2097 | D        | Killed an apis
  2097 | D        | Killed a pearl dragon
  2097 | D        | Reached skill level 20 in Invocations
  2311 | D        | Found a transporter.
  2332 | D        | Entered arena 16.
  2332 | D        | Noticed a tentacled starspawn
  2335 | D        | Killed a tentacled starspawn
  2336 | D        | Found a transporter.
  2357 | D        | Entered arena 17.
  2360 | D        | Noticed a vampire knight
  2361 | D        | Found the ring of the Mage {Wiz MR++ Int+3}
  2364 | D        | Found a transporter.
  2369 | D        | Killed a vampire knight
  2789 | D        | Entered arena 18.
  2789 | D        | Noticed a vampire knight
  2792 | D        | Noticed a ghoul
  2798 | D        | Killed a vampire knight
  2798 | D        | Reached skill level 21 in Invocations
  2799 | D        | Reached skill level 15 in Fighting
  2803 | D        | Reached XP level 14. HP: 104/110 MP: 28/28
  2806 | D        | Killed a ghoul
  2812 | D        | Found the +3 Elemental Staff {rElec rF++ rC++ MR++ AC+5}
  2813 | D        | Found a transporter.
  2821 | D        | Entered arena 19.
  2823 | D        | Noticed a lich
  2830 | D        | Killed a lich
  2836 | D        | Found a transporter.
  2874 | D        | Entered arena 20.
  2877 | D        | Noticed a fire giant
  2877 | D        | Noticed a fire giant
  2878 | D        | Noticed a fire giant
  2878 | D        | Noticed a fire giant
  2878 | D        | Noticed a fire giant
  2879 | D        | Noticed a fire giant
  2879 | D        | Noticed a fire giant
  2881 | D        | Reached skill level 15 in Shields
  2893 | D        | Killed a fire giant
  2894 | D        | Killed a fire giant
  2894 | D        | Reached skill level 22 in Invocations
  2895 | D        | Killed a fire giant
  2896 | D        | Killed a fire giant
  2896 | D        | Killed a fire giant
  2897 | D        | Killed a fire giant
  2901 | D        | Killed a fire giant
  2903 | D        | Found a transporter.
  3052 | D        | Got the ring "Sosch" {rPois rF+ Str+2 Dex+7}
  3239 | D        | Entered arena 21.
  3243 | D        | Noticed a dire elephant
  3243 | D        | Noticed a spriggan defender
  3243 | D        | Noticed a spriggan defender
  3243 | D        | Noticed a spriggan defender
  3244 | D        | Noticed a spriggan defender
  3244 | D        | Noticed a spriggan defender
  3247 | D        | Killed a spriggan defender
  3247 | D        | Killed from afar by a spriggan air mage

Vault maps used:
D:        sprint_v

Skill      XL: |  1  2  3  4  5  6  7  8  9 10 11 12 13 14 |
---------------+-------------------------------------------+-----
Fighting       | 5 6 7 8 9 10 11 12 13 15 16 | 16.2
Invocations    | 6 7 8 9 10 11 12 15 16 17 19 21 22 | 22.7
Axes           | 3 4 5 6 7 11 12 14 15 16 17 | 17.4
Dodging        | 4 5 6 7 8 10 11 13 15 17 19 | 19.7
Shields        | 4 5 6 7 8 10 11 13 14 15 | 15.7

Action                   |  1- 3 |  4- 6 |  7- 9 | 10-12 | 13-15 || total
-------------------------+-------+-------+-------+-------+-------++-------
Melee: Broad axe         |     3 |     8 |    32 |    22 |    61 ||   126
       Tentacles         |       |     2 |     8 |     4 |    15 ||    29
       Constrict         |       |       |     4 |     4 |    10 ||    18
Invok: Disaster Area     |       |       |       |     2 |     3 ||     5
  Use: Potion            |     1 |       |       |     2 |     7 ||    10
 Stab: Petrifying        |       |       |       |       |     2 ||     2
       Distracted        |       |       |       |       |     3 ||     3
  Eat: Ration            |       |       |       |     1 |     1 ||     2
       Chunk             |       |       |       |       |     1 ||     1
Armor: Skin              |       |       |     2 |       |       ||     2
Dodge: Dodged            |     1 |     1 |     6 |    17 |    22 ||    47
       Deflected         |       |       |       |     3 |     2 ||     5
Block: Shield            |     4 |    13 |    59 |    56 |   125 ||   257
       Reflection        |       |       |       |     9 |     1 ||    10

Table legend:
 A = Non-vault XP
 B = Vault XP
 C = Vault XP percentage of total XP
 D = Non-vault monster count
 E = Vault monster count
 F = Vault count percentage of total count
 G = Total turns spent on level
                 A         B        C        D         E       F
            +---------+---------+-------+---------+---------+-------
      Total |       0 |   80500 | 100.0 |       0 |     180 | 100.0
            +---------+---------+-------+---------+---------+-------
          D |       0 |   80500 | 100.0 |       0 |     180 | 100.0
            +---------+---------+-------+---------+---------+-------
